 Dungeon Crawl Stone Soup version 0.23.1 (webtiles) character file.

Game seed: 12522829264136614432

267 Borgoz the Skirmisher (level 6, -5/52 HPs)
             Began as a Ghoul Monk on Mar 18, 2019.
             Slain by a gnoll
             ... wielding a +0 dagger of chaos
              (20 damage)
             ... on level 5 of the Dungeon.
             The game lasted 00:03:29 (2160 turns).

Borgoz the Skirmisher (Ghoul Monk)                  Turns: 2160, Time: 00:03:30

Health: -5/52      AC: 10    Str: 20    XL:     6   Next: 21%
Magic:  5/5        EV: 11    Int:  7    God:
Gold:   115        SH:  0    Dex: 11    Spells: 5/5 levels left

rFire    . . .     SeeInvis .   b - +0 rapier
rCold    + . .     Gourm    .   (no shield)
rNeg     + + +     Faith    .   n - +0 scale mail
rPois    ∞         Spirit   .   (no helmet)
rElec    .         Reflect  .   (no cloak)
rCorr    .         Harm     .   i - +2 pair of gloves
MR       .....     Rnd*Tele +   o - +0 pair of boots
Stlth    +.........             (no amulet)
HPRegen  0.00/turn              k - ring of teleportation (curse)
MPRegen  0.09/turn              (no ring)

@: mighty, rotting, slowed, very slow
A: rotting body, claws 1, carnivore, cold resistance 1, negative energy
resistance 3, inhibited regeneration, torment resistance, unbreathing
a: no special abilities


You were on level 5 of the Dungeon.
You were not hungry.

You visited 1 branch of the dungeon, and saw 4 of its levels.

You collected 115 gold pieces.

Inventory:

Hand Weapons
 a - a +0 short sword
 b - a +0 rapier (weapon)
Armour
 i - a +2 pair of gloves (worn)
 n - a +0 scale mail (worn)
 o - a +0 pair of boots (worn)
Jewellery
 k - a cursed ring of teleportation (left hand)
Wands
 e - a wand of disintegration (14)
 h - a wand of acid (9)
Scrolls
 f - a scroll of enchant armour
 l - a scroll of fog {unknown}
 m - a scroll of fear {unknown}
 p - a scroll of teleportation {unknown}
 q - a scroll of remove curse {unknown}
 r - a scroll of identify
 u - a scroll of magic mapping {unknown}
Potions
 j - a potion of magic
 s - a potion of heal wounds {unknown}
 t - a potion of degeneration {unknown}
Comestibles
 c - 7 rations


   Skills:
 + Level 4.0 Fighting
 * Level 3.7 Short Blades
 * Level 2.3 Armour
 * Level 3.9 Dodging
 + Level 3.2 Stealth


You had 5 spell levels left.
You didn't know any spells.
Your spell library was empty.

Dungeon Overview and Level Annotations

Branches:
Dungeon (3/15)

Altars:
Xom
Yredelemnul


Innate Abilities, Weirdness & Mutations

Your body is rotting away.
You thrive on raw meat.
You are immune to poison.
You have sharp fingernails.
You are carnivorous and can eat meat at any time.
Your flesh is cold resistant. (rC+)
You are immune to negative energy. (rN+++)
You do not regenerate when monsters are visible.
You are immune to unholy pain and torment.
You can survive without breathing.


Message History

The orc splashes around in the water.
The gnoll hits you but does no damage.
You are electrocuted!
You closely miss the orc.
The orc is lightly wounded.
The gnoll hits you but does no damage. The orc closely misses you.
The gnoll hits you but does no damage. x2; The orc hits you but does no damage.
The gnoll hits you with a +1 dagger of chaos.
Your unstable footing causes you to fumble your attack.
The gnoll hits you but does no damage. The orc misses you.
The gnoll hits you with a +1 dagger of chaos.
The gnoll burns you.
Okay, then.
The gnoll closely misses you.
The gnoll hits you with a +0 dagger of chaos.
* * * LOW HITPOINT WARNING * * *
You closely miss the gnoll.
The gnoll is moderately wounded.
The orc splashes around in the water.
The gnoll hits you but does no damage.
You are electrocuted!!
You die...

### §≈⌠# .. . ##..
..≈.≈...## # ##..
..⌠. .%#⌠ #
#.≈#####≈⌠# ≈..#
##.#≈#≈#..###..# #
#≈.gg.#.###≈#.≈##≈#
#@o#.####.##..⌠.##
###≈.≈....≈).## #.
###_.#..)...# #.
############# #. ##
# ... ..## . #.


You could see 2 gnolls and an orc.

Vanquished Creatures
  A centaur (D:5)
  A jelly (D:5)
  An iguana (D:5)
  An orc wizard (D:3)
  3 adders
  An ooze (D:3)
  2 dart slugs (D:1)
  3 leopard geckos
  6 orcs
  5 bats
  3 giant cockroaches
  9 goblins
  5 hobgoblins
  7 jackals
  2 ball pythons
  3 frilled lizards
  A jackal skeleton (D:5)
  7 kobolds
  A quokka skeleton (D:5)
  3 rats
65 creatures vanquished.

Notes
Turn   | Place    | Note
-------+----------+-------------------------------------------
     0 | D:1      | Borgoz the Ghoul Monk began the quest for the Orb.
     0 | D:1      | Reached XP level 1. HP: 19/19 MP: 0/0
   169 | D:1      | Reached XP level 2. HP: 24/25 MP: 1/1
   704 | D:2      | Reached XP level 3. HP: 30/30 MP: 2/2
   809 | D:2      | Reached skill level 1 in Armour
   876 | D:2      | Found a basalt altar of Yredelemnul.
  1079 | D:2      | Reached XP level 4. HP: 39/39 MP: 3/3
  1863 | D:3      | Reached XP level 5. HP: 23/46 MP: 4/4
  1901 | D:3      | You fall through a shaft for 2 floors!
  1901 | D:5      | Entered Level 5 of the Dungeon
  1904 | D:5      | Noticed a centaur
  1918 | D:5      | Killed a centaur
  1940 | D:5      | Reached skill level 4 in Fighting
  1940 | D:5      | Reached XP level 6. HP: 21/52 MP: 5/5
  2133 | D:5      | Found a shimmering altar of Xom.
  2160 | D:5      | Slain by a gnoll

Skill      XL: |  1  2  3  4  5 |
---------------+----------------+-----
Short Blades   | 3 |  3.7
Dodging        | 3 |  3.9
Armour         | 1 2 |  2.3
Stealth        | 3 |  3.2
Fighting       | 4 |  4.0

Action                   |  1- 3 |  4- 6 || total
-------------------------+-------+-------++-------
Melee: Short sword       |   107 |    35 ||   142
       Rapier            |       |   104 ||   104
  Use: Scroll            |     4 |     1 ||     5
       Potion            |       |     3 ||     3
 Stab: Sleeping          |     5 |       ||     5
  Eat: Chunk             |    11 |     9 ||    20
Armor: Robe              |    32 |       ||    32
       Scale mail        |       |    98 ||    98
Dodge: Dodged            |    64 |    89 ||   153
